 Dungeon Crawl Stone Soup version 0.16-a0-4060-g00983b4 (webtiles) character file.

991 Bloax the Covert (level 7, -3/33 HPs)
             Began as a Felid Transmuter on Feb 21, 2015.
             Was a Believer of Cheibriados.
             Slain by a troll zombie (14 damage)
             ... on level 9 of the Dungeon.
             The game lasted 00:23:17 (3471 turns).

Bloax the Covert (Felid Transmuter)                 Turns: 3471, Time: 00:23:17

Health: -3/33      AC:  6    Str: 10    XL:     7   Next: 98%
Magic:  11/18      EV: 16    Int: 19    God:    Cheibriados [**....]
Gold:   16         SH:  0    Dex: 24    Spells: 3 memorised, 3 levels left
                                        Lives:  0   Deaths: 2

rFire  x . .     SeeInvis +       - Unarmed
rCold  + + +     Clarity  .     (armour unavailable)
rNeg   . . .     SustAb   .     (shield unavailable)
rPois  +         Gourm    .     (helmet unavailable)
rElec  .         Spirit   .     (cloak unavailable)
rCorr  .         Warding  .     (gloves unavailable)
rMut   .         Stasis   .     (boots unavailable)
MR     +....                    (no amulet)
Stlth  +++++.....               k - +2 ring of dexterity
                                g - ring of protection from cold

@: ice-form, very slightly contaminated, very slow, somewhat resistant to
hostile enchantments, quite stealthy
A: paw claws, no armour, no weapons or thrown items, (fangs 0), see invisible,
carnivore 3, (speed 0), (shaggy fur 0), slow metabolism 1, (sharp paws)
a: End Transformation, Bend Time, Renounce Religion


You were on level 9 of the Dungeon.
You worshipped Cheibriados.
Cheibriados was pleased with you.
You were not hungry.
You were a creature of crystalline ice.
You visited 2 branches of the dungeon, and saw 10 of its levels.

You collected 277 gold pieces.
You spent 261 gold pieces at shops.


Innate Abilities, Weirdness & Mutations

You cannot wear armour.
You are incapable of wielding weapons or throwing items.
((You have razor-sharp teeth.))
You have supernaturally acute eyesight.
You are carnivorous and can eat meat at any time.
((You cover ground quickly.))
((You are covered in thick fur (AC +2).))
You have a slow metabolism.
((Your paws have sharp claws that are effective at stabbing.))


   Skills:
 - Level 1.0 Fighting
 + Level 6.2 Dodging
 + Level 8.8 Stealth
 + Level 5.6 Unarmed Combat
 - Level 3.0 Spellcasting
 + Level 5.7 Transmutations
 - Level 4.6 Ice Magic
 - Level 1.5 Poison Magic


You had 3 spell levels left.
You knew the following spells:

 Your Spells              Type           Power        Failure   Level  Hunger
a - Spider Form           Trmt/Pois      ###.......   12%         3    ###....
b - Sticks to Snakes      Trmt           ###.......   1%          2    ##.....
c - Ice Form              Ice/Trmt       ###.....     21%         4    ####...


Dungeon Overview and Level Annotations

Branches:
Dungeon (9/15)             Temple (1/1) D:7             Orc (0/4) D:9
   Lair: D:8-11

Altars:
Ashenzari
Cheibriados
Kikubaaqudgha
Makhleb
Okawaru
Sif Muna
The Shining One

Shops:
D:7 }*

Annotations:
D:5 wojtek's ghost, experienced KoAs

Inventory:

Missiles
 b - 51 arrows
Jewellery
 g - a ring of protection from cold (left front paw)
   (You found it on level 2 of the Dungeon)
 k - a +2 ring of dexterity (right front paw)
   (You found it on level 5 of the Dungeon)
Magical devices
 h - a wand of frost (39)
   (You found it on level 6 of the Dungeon)
 l - a wand of disintegration (15)
   (You found it on level 9 of the Dungeon)
Scrolls
 e - a scroll of fear
 i - 2 scrolls of fog
 n - a scroll of random uselessness {unknown}
Potions
 f - 2 potions of restore abilities
 p - a potion of agility
Books
 c - a book of Air
   (You found it on level 4 of the Dungeon)

   Spells                             Type                      Level
   a - Shock                          Conjuration/Air              1
   b - Swiftness                      Charms/Air                   2
   c - Repel Missiles                 Charms/Air                   2
   d - Flight                         Charms/Air                   3
   e - Static Discharge               Conjuration/Air              3
   f - Lightning Bolt                 Conjuration/Air              5
 d - a book of Changes

   Spells                             Type                      Level
   a - Beastly Appendage              Transmutation                1
   b - Sticks to Snakes               Transmutation                2
   c - Spider Form                    Transmutation/Poison         3
   d - Ice Form                       Ice/Transmutation            4
   e - Blade Hands                    Transmutation                5
Comestibles
 a - 2 meat rations

.......# . #.###### #.
#...# . ###'## .##
.....# ..# .....# #.#
.....# #.#
.....###########>#####.#
.....%%)........YZZ....#
.....#######%#####..$..#
##'### #.##......8...
#.## ### ..$....... #..#
##.......... ##.#
##.ZZ...ZZ Z #.#
#..8?.ZZZ>. ###'###
##....ZZZWZZ #.....###
#..#Z...FZ.Z.


You could see an orc zombie (wandering), an ogre zombie and a troll zombie.


Message History

There is an open door here.
You see here a jackal corpse.
You hit the hobgoblin zombie.
The giant frog gives a loud, deep croak!
You punch the hobgoblin zombie!
You destroy the hobgoblin zombie!
Cheibriados appreciates the change of pace.
You punch the jackal! You freeze the jackal.
You kill the jackal!
Cheibriados thoroughly appreciates the change of pace.
The jackal bites you but does no damage.
The jackal misses you.
You see here a jackal corpse.
You punch the jackal! You freeze the jackal.
You kill the jackal!
Cheibriados thoroughly appreciates the change of pace.
You punch the orc priest! You freeze the orc priest.
The orc priest is almost dead.
The orc priest barely misses you.
You punch the orc priest! You freeze the orc priest.
You kill the orc priest!
Cheibriados appreciates the change of pace.
You barely miss the giant frog. The giant frog closely misses you.
The giant frog closely misses you.
You hit the giant frog but do no damage.
The giant frog hits you.
You hit the giant frog. You freeze the giant frog.
The giant frog seems to slow down.
The giant frog is lightly wounded.
The giant frog barely misses you.
You hit the giant frog. You freeze the giant frog.
The giant frog seems to slow down.
The giant frog is moderately wounded.
The giant frog hits you!
You punch the giant frog! You freeze the giant frog.
You kill the giant frog!
Cheibriados appreciates the change of pace.
Items here: %% ) [ a club; a dyed leather armour; a giant frog corpse; a jackal corpse You punch the orc zombie!
You destroy the orc zombie!
Cheibriados appreciates the change of pace.
No target in view!
Your transformation is almost over.
You see here the felid skeleton of Bloax.
Casting: Ice Form
Okay, then.
An orc zombie comes into view.
You see here the felid skeleton of Bloax.
You warm up again.
Casting: Ice Form You miscast Ice Form.
You are very lightly contaminated with residual magic.
Your paws glow momentarily.
Casting: Ice Form You turn into a creature of crystalline ice.
You hit the ogre zombie. The ogre zombie hits you.
You punch the ogre zombie! The ogre zombie hits you!
* * * LOW HITPOINT WARNING * * *
You hit the ogre zombie. The ogre zombie misses you.
You punch the ogre zombie! You hit the ogre zombie.
The ogre zombie barely misses you.
You completely miss the ogre zombie.
The ogre zombie hits you but does no damage.
You punch the ogre zombie! The ogre zombie barely misses you.
You punch the ogre zombie!
You destroy the ogre zombie!
Cheibriados appreciates the change of pace.
You completely miss the troll zombie. The troll zombie bites you!
You die...

Action                   |  1- 3 |  4- 6 |  7- 9 || total
-------------------------+-------+-------+-------++-------
Melee: Unarmed           |    66 |   133 |   221 ||   420
 Cast: Beastly Appendage |     6 |       |       ||     6
       Sticks to Snakes  |     4 |     3 |     5 ||    12
       Spider Form       |     2 |    11 |    19 ||    32
       Ice Form          |       |       |     2 ||     2
 Abil: End Transformatio |       |       |     7 ||     7
Evoke: Wand              |       |       |     7 ||     7
  Use: Scroll            |     4 |     2 |     8 ||    14
       Potion            |     1 |     2 |     3 ||     6
 Stab: Sleeping          |     1 |    11 |    14 ||    26
       Distracted        |     1 |       |     1 ||     2
       Invisible         |       |       |     1 ||     1
  Eat: Chunk             |       |     4 |       ||     4
       Beef jerky        |       |     1 |       ||     1
       Pizza             |       |       |     2 ||     2
       Meat ration       |       |       |     1 ||     1

Vault maps used:
D:1:      lightli_arrival_statue_moat
D:2:      led_sif_pool
D:3:      serial_park_square1, elyvilon_altar_3, lemuel_coloured_pillars_altar
D:4:      kennysheep_mini_moat, kiku_gazebo_pond_becter,
          nicolae_overflow_hidden_temple, first_bread, hangedman_decor_growths
D:5:      overflow_temple_1_default, lemuel_doored_altar, kennysheep_dice,
          uniq_edmund
D:6:      amethyst_overflow_temple_binary
D:7:      old_standard_altar, minmay_temple_entry_poolview, serial_shops,
          nicolae_shop_trees, kennysheep_mini, nicolae_shop_crystal, the_bakery,
          uniq_iyjb
D:8:      serial_shops, shop
D:9:      tso_altar, zombieorc2_lemuel
Temple:   circular_temple_6

Notes
Turn   | Place    | Note
--------------------------------------------------------------
     0 | D:1      | Bloax, the Felid Transmuter, began the quest for the Orb.
     0 | D:1      | Reached XP level 1. HP: 9/9 MP: 4/4
    26 | D:1      | Reached skill level 1 in Stealth
    26 | D:1      | Reached XP level 2. HP: 12/12 MP: 3/5
   138 | D:2      | Learned a level 2 spell: Sticks to Snakes
   199 | D:2      | Reached skill level 2 in Stealth
   309 | D:2      | HP: 2/12 [hobgoblin (4)]
   407 | D:2      | Found a deep blue altar of Sif Muna.
   472 | D:2      | HP: 3/12 [giant mite (5)]
   474 | D:2      | Reached XP level 3. HP: 2/15 MP: 6/8
   494 | D:2      | Learned a level 3 spell: Spider Form
   611 | D:3      | Reached skill level 3 in Dodging
   611 | D:3      | Reached skill level 3 in Transmutations
   611 | D:3      | Reached skill level 1 in Poison Magic
   611 | D:3      | Reached XP level 4. HP: 15/19 MP: 0/11
   632 | D:3      | Noticed an ogre
   702 | D:4      | Found an ancient bone altar of Kikubaaqudgha.
   799 | D:4      | Reached skill level 4 in Dodging
   799 | D:4      | Reached XP level 5. HP: 19/22 MP: 7/12
   811 | D:4      | Noticed a phantom
   841 | D:4      | HP: 2/22 [phantom (8)]
   882 | D:4      | Killed a phantom
   882 | D:4      | Reached skill level 3 in Stealth
   882 | D:4      | Reached skill level 4 in Transmutations
   987 | D:4      | Reached skill level 3 in Spellcasting
  1026 | D:4      | Noticed an ogre
  1047 | D:4      | Killed an ogre
  1047 | D:4      | Reached skill level 4 in Stealth
  1047 | D:4      | Gained mutation: You are covered in thick fur (AC +2). [growing up]
  1047 | D:4      | Reached XP level 6. HP: 13/25 MP: 11/16
  1117 | D:5      | Entered Level 5 of the Dungeon
  1123 | D:5      | Found an iron altar of Okawaru.
  1175 | D:5      | Noticed wojtek's ghost (experienced KoAs)
  1201 | D:5      | Learned a level 4 spell: Ice Form
  1253 | D:5      | Noticed Edmund
  1300 | D:5      | Killed Edmund
  1300 | D:5      | Reached skill level 5 in Dodging
  1300 | D:5      | Reached skill level 5 in Stealth
  1392 | D:6      | Reached XP level 7. HP: 17/28 MP: 15/18
  1495 | D:6      | Reached skill level 5 in Transmutations
  1838 | D:7      | Found Ycoacwowk's Gadget Shop.
  1844 | D:7      | Found Pnulul's Assorted Antiques.
  1847 | D:7      | Bought a large lapis lazuli amulet for 120 gold pieces
  1849 | D:7      | LOLOLOLOOLOLOLOLLOLOLOLOLOLOLOLOLOLOLOLOLOLOLLOLOLOLOLOLLL
  1858 | D:7      | Noticed Ijyb
  1878 | D:7      | Killed Ijyb
  1878 | D:7      | Reached skill level 1 in Ice Magic
  1961 | D:7      | Reached skill level 6 in Stealth
  1973 | D:7      | Found a staircase to the Ecumenical Temple.
  1983 | Temple   | Entered the Ecumenical Temple
  1997 | Temple   | Became a worshipper of Cheibriados the Contemplative
  2044 | D:7      | Noticed a spriggan baker
  2046 | D:7      | HP: 1/28 [spriggan baker/dagger (9)]
  2052 | D:6      | Reached skill level 4 in Unarmed Combat
  2077 | D:6      | HP: 2/28 [adder zombie (2)]
  2171 | D:6      | HP: 7/28 [worker ant (6)]
  2176 | D:6      | HP: 3/28 [poisoned by a worker ant]
  2184 | D:6      | HP: 2/28 [poisoned by a worker ant]
  2192 | D:6      | HP: 1/28 [poisoned by a worker ant]
  2372 | D:6      | Reached skill level 2 in Ice Magic
  2430 | D:6      | HP: 7/28 [poisoned by a worker ant]
  2435 | D:6      | HP: 3/28 [poisoned by a worker ant]
  2440 | D:6      | HP: 1/28 [poisoned by a worker ant]
  2441 | D:6      | Succumbed to a worker ant's poison
  2442 | D:6      | Reached XP level 6. HP: 0/25 MP: 16/16
  2605 | D:8      | Reached XP level 7. HP: 28/28 MP: 15/18
  2655 | D:8      | Reached skill level 6 in Dodging
  2659 | D:8      | Reached skill level 3 in Ice Magic
  2695 | D:8      | Reached skill level 5 in Unarmed Combat
  2837 | D:9      | Reached skill level 7 in Stealth
  2906 | D:9      | Reached XP level 8. HP: 29/32 MP: 20/20
  2951 | D:9      | Reached skill level 4 in Ice Magic
  2989 | D:9      | Reached skill level 8 in Stealth
  2997 | D:9      | Found a glowing golden altar of the Shining One.
  3003 | D:9      | HP: 8/32 [adder (1)]
  3013 | D:9      | HP: 6/32 [poisoned by an adder]
  3094 | D:9      | Found a staircase to the Orcish Mines.
  3157 | D:9      | HP: 2/32 [orc priest/divine providence (12)]
  3230 | D:9      | Killed from afar by an orc priest
  3231 | D:9      | Reached XP level 7. HP: -3/28 MP: 18/18
  3314 | D:7      | Bought a scroll of remove curse for 72 gold pieces
  3314 | D:7      | Bought a scroll labeled ONOSUVIXKI for 24 gold pieces
  3314 | D:7      | Bought a scroll labeled ETYRUDUAHOD for 24 gold pieces
  3314 | D:7      | Bought a silvery potion for 21 gold pieces
  3471 | D:9      | Slain by a troll zombie

Vanquished Creatures
  2 hungry ghosts (D:9)
  Edmund (D:5)
  An ice beast (D:7)
  A sky beast (D:8)
  A black bear (D:9)
  2 ogres
  A phantom (D:4)
  2 centaurs
  4 giant frogs
  A scorpion (D:8)
  A goliath beetle (D:6)
  A crimson imp (D:5)
  A hound (D:8)
  2 jellies
  3 iguanas
  An orc priest (D:9)
  A centaur skeleton (D:9)
  3 orc wizards
  A giant frog skeleton (D:6)
  5 worker ants
  3 ogre zombies (D:9)
  Ijyb (D:7)
  A gnoll (D:1)
  3 adders
  A shadow imp (D:5)
  3 giant mites
  2 worms
  An adder zombie (D:6)
  3 giant geckos
  11 orcs
  A ball python (D:4)
  A bat skeleton (D:4)
  7 goblins
  8 hobgoblins
  10 jackals
  2 kobolds
  A quokka (D:6)
  8 bats
  3 giant cockroaches
  A giant gecko skeleton (D:6)
  A giant newt (D:6)
  A hobgoblin zombie (D:9)
  An orc skeleton (D:9)
  4 orc zombies (D:9)
  2 quokka skeletons
  9 rats
124 creatures vanquished.

Vanquished Creatures (collateral kills)
  An ogre (D:4)
  A hound (D:3)
  An orc (D:3)
  2 giant newts (D:3)
5 creatures vanquished.

Grand Total: 129 creatures vanquished
